 Dungeon Crawl Stone Soup version 0.31.0-32-g396128a36d (webtiles) character file.

Game seed: 8838998132478751159

349 Alphaeus the Ruffian (level 6, 0/58 HPs)
             Began as a Troll Shapeshifter on Mar 19, 2024.
             Slain by Duvessa
             ... wielding a +0 short sword
              (7 damage)
             ... on level 4 of the Dungeon.
             The game lasted 00:02:07 (1891 turns).

Alphaeus the Ruffian (Troll Shapeshifter)           Turns: 1891, Time: 00:02:07

Health: 0/58       AC:  6    Str: 25    XL:     6   Next: 33%
Magic:  5/5        EV:  9    Int:  6    God:
Gold:   114        SH:  0    Dex:  9    Spells: 5/5 levels left

rFire   . .          .
                       - Unarmed
rCold   . . .        (no shield)
rNeg    . . .        f - +2 robe {Will+}
rPois   .            (helmet currently unavailable)
rElec   .            (cloak currently unavailable)
rCorr   .            (gloves unavailable)
SInv    .            (boots unavailable)
Will    +....        (no amulet)
Stlth   +            (no ring)
HPRegen 1.09/turn    (no ring)
MPRegen 0.09/turn

%: no passive effects
@: beast-form
A: beast (slay +2), large, unfitting armour, claws 3, regeneration 1, shaggy fur
1, tough skin 1
a: Begin Untransformation


You were on level 4 of the Dungeon.
You were a hulking beast.
You visited 1 branch of the dungeon, and saw 4 of its levels.

You collected 150 gold pieces.
You spent 36 gold pieces at shops.

Inventory:

Missiles
 r - a throwing net (quivered)
Armour
 a - a +0 animal skin
 f - a +2 robe of willpower (worn)
Jewellery
 o - a ring of poison resistance
Talismans
 c - a beast talisman
 d - a flux talisman
Scrolls
 e - 3 scrolls of identify {unknown}
 g - a scroll of silence {unknown}
 h - 3 scrolls of brand weapon {unknown}
 i - 4 scrolls of enchant armour {unknown}
 j - 2 scrolls of revelation {unknown}
 k - 2 scrolls of teleportation
 l - a scroll of noise {unknown}
 m - 3 scrolls of poison {unknown}
Potions
 b - a potion of lignification
 n - 2 potions of attraction {unknown}
 p - 2 potions of haste {unknown}
 q - 2 potions of brilliance {unknown}
 s - a potion of mutation {unknown}
 t - a potion of heal wounds {unknown}
 u - a potion of curing {unknown}


   Skills:
 + Level 2.3 Fighting
 - Level 1.5 Dodging
 * Level 5.0 Unarmed Combat
 * Level 4.8 Shapeshifting


You had 5 spell levels left.
You didn't know any spells.
Your spell library was empty.

Dungeon Overview and Level Annotations

Branches:
Dungeon (4/15)
 Temple: D:4-7

Altars:
Kikubaaqudgha

Shops:
D:4 *

Annotations:
D:4 Duvessa


Innate Abilities, Weirdness & Mutations

You are a hulking beast.
Your limbs bulge with bestial killing power. (Slay +2)
You are too large for most types of armour.
You have claws for hands.
Your natural rate of healing is unusually fast.
You are covered in fur. (AC +1)
You have tough skin. (AC +1)


Message History

Duvessa weeps, and shakes her weapon.
Duvessa goes berserk!
Duvessa closely misses you.
Your Unarmed Combat skill increases to level 5!
You scratch Duvessa.
Duvessa is lightly wounded.
Duvessa closely misses you.
You closely miss Duvessa.
Duvessa is lightly wounded.
Duvessa hits you with a +0 short sword! x2
You scratch Duvessa. You claw Duvessa, but do no damage.
Duvessa is lightly wounded.
Duvessa barely misses you.
You scratch Duvessa.
Duvessa is lightly wounded.
Duvessa barely misses you.
You scratch Duvessa.
Duvessa is moderately wounded.
Duvessa hits you with a +0 short sword! x2
* * * LOW HITPOINT WARNING * * *
You are too injured to fight recklessly!
You are too injured to fight recklessly!
You are too injured to fight recklessly!
You are too injured to fight recklessly!
You are too injured to fight recklessly!
You are too injured to fight recklessly!
You are too injured to fight recklessly!
You are too injured to fight recklessly!
You are too injured to fight recklessly!
You closely miss Duvessa.
Duvessa is moderately wounded.
Duvessa hits you with a +0 short sword.
* * * LOW HITPOINT WARNING * * *
You scratch Duvessa.
Duvessa is moderately wounded.
Duvessa hits you with a +0 short sword!
* * * LOW HITPOINT WARNING * * *
You closely miss Duvessa.
Duvessa is moderately wounded.
Duvessa hits you with a +0 short sword!
You die...

#.......##
#........####.
#..............
##...............
.............)...
...............
#.)..........
#eh..........
##.....♣....# ##.#
##.........# #...
######..#####.# #...
.........#####.# #...
....#.......##.####...
.. ##....).##........
#................
#......###.......


You could see Duvessa (berserk).

Vanquished Creatures
  Dowan (D:4)
  A jelly (D:4)
  2 orc priests (D:3)
  Jessica (D:2)
  A sleepcap (D:4)
  An orc wizard (D:3)
  An adder (D:3)
  4 gnolls (D:3)
  4 dart slugs
  A ribbon worm (D:2)
  6 orcs
  5 ball pythons
  A bat zombie (D:3)
  2 endoplasms
  A giant cockroach (D:3)
  8 goblins
  10 hobgoblins
  4 jackals (D:3)
  3 kobolds
  A quokka (D:3)
  6 bats
  A frilled lizard (D:1)
  A frilled lizard zombie (D:3)
  3 rats
  A butterfly (D:4)
70 creatures vanquished.

Vanquished Creatures (others)
  An orc (D:4)
1 creature vanquished.

Grand Total: 71 creatures vanquished

Notes
Turn   | Place    | Note
-------+----------+-------------------------------------------
     0 | D:1      | Alphaeus the Troll Shapeshifter began the quest for the
                  | Orb.
     0 | D:1      | Reached XP level 1. HP: 18/18 MP: 0/0
    79 | D:1      | Reached skill level 1 in Fighting
   106 | D:1      | Reached XP level 2. HP: 27/27 MP: 1/1
   473 | D:2      | Noticed Jessica
   482 | D:2      | Killed Jessica
   483 | D:2      | Reached XP level 3. HP: 33/33 MP: 2/2
  1041 | D:3      | Reached XP level 4. HP: 40/40 MP: 3/3
  1045 | D:3      | Reached skill level 4 in Unarmed Combat
  1103 | D:3      | Reached XP level 5. HP: 40/49 MP: 4/4
  1411 | D:3      | Found an ancient bone altar of Kikubaaqudgha.
  1488 | D:3      | Found a faded altar of an unknown god.
  1773 | D:4      | Reached XP level 6. HP: 48/57 MP: 5/5
  1851 | D:4      | Found Nuel's General Store.
  1863 | D:4      | Bought a scroll of teleportation for 36 gold pieces
  1874 | D:4      | Noticed Dowan
  1875 | D:4      | Noticed Duvessa
  1883 | D:4      | Killed Dowan
  1884 | D:4      | Reached skill level 5 in Unarmed Combat
  1891 | D:4      | Slain by Duvessa

Illustrated notes

Levels and vault maps discovered:
D:1:      zaba_arrival_water, layout_rooms, minmay_tree_intersection,
          hangedman_decor_opposing
D:2:      layout_loops_ring, uniq_jessica
D:3:      layout_basic, lemuel_zombie_altar_kikubaaqudgha,
          shapermc_ecumenical_altar_mp_urbaneastern
D:4:      layout_loops_cross, serial_shops, nicolae_shop_crystal,
          kennysheep_decorative_pillar, hangedman_glass_garden,
          lemuel_flame_loot_1, uniq_duvessa

Skill      XL: |  1  2  3  4  5  6 |
---------------+-------------------+-----
Fighting       | 1 2 |  2.3
Unarmed Combat | 4 5 |  5.0
Shapeshifting  | 4 |  4.8
Dodging        | |  1.5

Action                     |  1- 3 |  4- 6 || total
---------------------------+-------+-------++-------
  Melee: Unarmed           |    55 |    90 ||   145
         Punch             |       |     2 ||     2
 Armour: Robe              |    27 |    56 ||    83
  Dodge: Dodged            |    23 |    42 ||    65
